 Dungeon Crawl Stone Soup version 0.27.0-66-gdc8fb28755 (webtiles) character file.

Game seed: 9992237095075825734

1632 funkygono the Firebug (level 8, -3/44 HPs)
             Began as a Gargoyle Fire Elementalist on Aug 19, 2021.
             Was a Follower of Vehumet.
             Slain by a komodo dragon (17 damage)
             ... on level 7 of the Dungeon.
             The game lasted 00:12:42 (6873 turns).

funkygono the Firebug (Gargoyle Fire Elementalist)  Turns: 6873, Time: 00:12:43

Health: -3/44      AC: 12    Str: 13    XL:     8   Next: 98%
Magic:  6/16       EV: 11    Int: 17    God:    Vehumet [*.....]
Gold:   178        SH:  0    Dex: 10    Spells: 4/17 levels left

rFire    x . .     SeeInvis .   s - +2 whip (flame)
rCold    + . .     Faith    .   (no shield)
rNeg     + . .     Spirit   .   q - +0 acid dragon scales
rPois    ∞         Reflect  .   (no helmet)
rElec    +         Harm     .   (no cloak)
rCorr    +         Rampage  .   (no gloves)
Will     .....                  (no boots)
Stlth    +.........             f - amulet of regeneration
HPRegen  1.14/turn              o - ring of ice
MPRegen  0.15/turn              r - ring of flight

@: flying
A: sickness immunity, AC +5, negative energy resistance 1, electricity
resistance, torment resistance 1, petrification resistance
a: Renounce Religion


You were on level 7 of the Dungeon.
You worshipped Vehumet.
Vehumet was aware of your devotion.
You visited 2 branches of the dungeon, and saw 8 of its levels.
You also visited: Sewer.

You collected 178 gold pieces.

Inventory:

Hand Weapons
 c - a +0 whip of draining
 h - a +2 flail of draining
 s - a +2 whip of flaming (weapon)
Missiles
 j - 201 stones
Armour
 a - a +0 robe
 m - a +0 troll leather armour {Purgy}
 q - +0 acid dragon scales (worn)
 t - a +2 robe of cold resistance
Jewellery
 f - an amulet of regeneration (around neck)
 o - a ring of ice (left hand)
 r - a ring of flight (right hand)
 y - an amulet of magic regeneration
Wands
 k - a wand of iceblast (9)
 l - a wand of charming (7)
 u - a wand of flame (16)
 x - a wand of paralysis (10)
Scrolls
 n - 2 scrolls of fear
 p - 5 scrolls of teleportation
 v - a scroll of amnesia
 z - a scroll of summoning
Potions
 b - 2 potions of haste
 d - 2 potions of brilliance
 e - 3 potions of curing
 g - a potion of magic
 i - 2 potions of cancellation
 w - a potion of might
 A - a potion of ambrosia {unknown}
 B - a potion of mutation {unknown}


   Skills:
 + Level 1.9 Fighting
 + Level 3.2 Maces & Flails
 + Level 2.7 Armour
 + Level 3.0 Dodging
 - Level 2.1 Stealth
 + Level 5.3 Spellcasting
 + Level 5.0 Conjurations
 + Level 6.5 Fire Magic


You had 4 spell levels left.
You knew the following spells:

 Your Spells              Type           Power      Damage    Failure   Level
a - Foxfire               Conj/Fire      96%        2x1d8     1%          1
b - Conjure Flame         Conj/Fire      24%        6-21      5%          3
c - Sticky Flame          Conj/Fire      24%        2d5       19%         4
d - Fireball              Conj/Fire      12%        3d7       45%         5

Your spell library contained the following spells:

 Spells                   Type           Power      Damage    Failure   Level
 Shock                    Conj/Air       52%        1d6       7%          1
 Inner Flame              Hex/Fire       15%        N/A       16%         3
 Passwall                 Tmut/Erth      3%         N/A       30%         2
 Slow                     Hex            4%         N/A       30%         2
 Confusing Touch          Hex            4%         N/A       52%         3
 Swiftness                Air            4%         N/A       52%         3
 Vampiric Draining        Necr           2%         2d6       52%         3
 Petrify                  Tmut/Erth      4%         N/A       89%         4
 Irradiate                Conj/Tmut      6%         3d15      89%         5
 Invisibility             Hex            2%         N/A       100%        6
 Sublimation of Blood     Necr           Unusable   N/A       N/A         2

Dungeon Overview and Level Annotations

Branches:
Dungeon (7/15)             Temple (1/1) D:4           Sewer (visited)

Altars:
Ashenzari
Cheibriados
Dithmenos
Elyvilon
Fedhas
Gozag
Kikubaaqudgha
Makhleb
Nemelex Xobeh
Okawaru
Qazlal
Ru
Sif Muna
Uskayaw
Vehumet
Wu Jian
Xom
Yredelemnul
Zin
The Shining One


Innate Abilities, Weirdness & Mutations

You are immune to sickness and miasma.
Your stone body is resilient. (AC +5)
You are immune to poison.
You resist negative energy. (rN+)
You are resistant to electric shocks. (rElec)
You are resistant to unholy torment.
You are immune to petrification.


Message History

The komodo dragon is moderately wounded.
Casting: Foxfire (safe; 1% risk of failure)
Confirm with . or Enter, or press ? or * to list all spells.
You conjure some foxfire!
The komodo dragon bites you!
A frilled lizard comes into view.
The foxfire hits the komodo dragon but does no damage.
The komodo dragon is moderately wounded.
The foxfire hits the komodo dragon but does no damage.
The komodo dragon is moderately wounded.
Casting: Foxfire (safe; 1% risk of failure)
Confirm with . or Enter, or press ? or * to list all spells.
You conjure some foxfire!
The komodo dragon barely misses you.
Casting: Foxfire (safe; 1% risk of failure)
Confirm with . or Enter, or press ? or * to list all spells.
You conjure some foxfire!
The foxfire hits the komodo dragon.
The komodo dragon is moderately wounded.
The foxfire hits the komodo dragon but does no damage.
The komodo dragon is moderately wounded.
The komodo dragon bites you!!
Casting: Foxfire (safe; 1% risk of failure)
Confirm with . or Enter, or press ? or * to list all spells.
You conjure some foxfire!
The foxfire hits the komodo dragon.
The komodo dragon is moderately wounded.
The foxfire hits the komodo dragon.
The komodo dragon is heavily wounded.
The komodo dragon bites you but does no damage.
Casting: Foxfire (safe; 1% risk of failure)
Confirm with . or Enter, or press ? or * to list all spells.
You conjure some foxfire!
The foxfire hits the komodo dragon.
The komodo dragon is heavily wounded.
The foxfire hits the komodo dragon.
The komodo dragon is severely wounded.
The komodo dragon bites you!
* * * LOW HITPOINT WARNING * * *
The foxfire hits the komodo dragon but does no damage.
The komodo dragon is severely wounded.
The foxfire hits the komodo dragon.
The komodo dragon is severely wounded.
You feel better. The komodo dragon bites you!
You die...

. ##. ##..#.# #.. .....# ..#
#.... ## # #†# #...# ..
#.##.##.# #...# .# ##
#.......## #...# .##.#
#..####...###### ....
#......l@......###..#
#......l§........#..##...
.............§......#.........
........####...######.#######.
###.##### #...# ##.# #. #...#
#..# # #.<.# #..#
###...#####..#
####............#


You could see a komodo dragon and a frilled lizard.

Vanquished Creatures
  Pikel (D:5)
  2 water moccasins
  Purgy (D:3)
  A necrophage (D:6)
  A phantom (D:6)
  4 lemures (D:5)
  A kobold brigand (D:5)
  A water moccasin zombie (D:5)
  A scorpion (D:4)
  A wyvern skeleton (D:5)
  A howler monkey (D:6)
  A centaur zombie (D:5)
  A hound (D:6)
  2 centaur skeletons (D:4)
  A jelly (D:4)
  4 iguanas
  2 hound skeletons (D:4)
  A howler monkey zombie (D:7)
  5 adders
  A river rat (D:6)
  2 shadow imps
  A white imp (D:6)
  An adder skeleton (D:4)
  A worm (D:3)
  A dart slug (D:1)
  11 orcs
  5 bats
  7 endoplasms
  3 giant cockroaches
  8 goblins
  8 hobgoblins
  14 jackals
  3 quokkas
  3 ball pythons
  2 frilled lizards
  8 kobolds
  7 rats
118 creatures vanquished.

Vanquished Creatures (collateral kills)
  9 foxfires (D:5)
9 creatures vanquished.

Vanquished Creatures (others)
  402 foxfires
  35 plants
437 creatures vanquished.

Grand Total: 564 creatures vanquished

Notes
Turn   | Place    | Note
-------+----------+-------------------------------------------
     0 | D:1      | funkygono the Gargoyle Fire Elementalist began the quest
                  | for the Orb.
     0 | D:1      | Reached XP level 1. HP: 10/10 MP: 3/3
   341 | D:1      | Reached XP level 2. HP: 15/15 MP: 3/5
   932 | D:1      | Reached XP level 3. HP: 19/19 MP: 2/6
  1305 | D:1      | Found a faded altar of an unknown god.
  1500 | D:2      | You fall into a shaft and drop 2 floors!
  1729 | D:4      | Reached skill level 4 in Fire Magic
  1729 | D:4      | Reached XP level 4. HP: 24/24 MP: 3/8
  1987 | D:4      | Found a staircase to the Ecumenical Temple.
  2046 | Temple   | Entered the Ecumenical Temple
  2169 | Temple   | Became a worshipper of Vehumet
  2325 | D:4      | Reached XP level 5. HP: 28/28 MP: 3/9
  2438 | D:4      | Learned a level 3 spell: Conjure Flame
  2443 | D:4      | Learned a level 4 spell: Sticky Flame
  3176 | D:3      | Reached * piety under Vehumet
  3176 | D:3      | Offered knowledge of Shock by Vehumet.
  3298 | D:3      | Noticed Purgy
  3307 | D:3      | Killed Purgy
  3308 | D:3      | Reached skill level 1 in Maces & Flails
  3308 | D:3      | Reached XP level 6. HP: 33/33 MP: 3/10
  3968 | D:3      | Found a burning altar of Makhleb.
  3975 | D:3      | Found a sacrificial altar of Ru.
  3978 | D:3      | Found an ancient bone altar of Kikubaaqudgha.
  4577 | D:4      | Reached skill level 5 in Fire Magic
  4577 | D:4      | Reached XP level 7. HP: 37/37 MP: 9/12
  4588 | D:4      | Learned a level 5 spell: Fireball
  4641 | D:5      | Entered Level 5 of the Dungeon
  4934 | D:5      | Noticed Pikel
  4945 | D:5      | Killed Pikel
  4946 | D:5      | Reached skill level 1 in Fighting
  4946 | D:5      | Reached skill level 1 in Armour
  4946 | D:5      | Reached XP level 8. HP: 28/43 MP: 2/14
  5335 | D:5      | Reached skill level 6 in Fire Magic
  5917 | D:6      | Found a glowing drain.
  5921 | Sewer    | Entered a sewer
  6004 | Sewer    | Reached skill level 5 in Spellcasting
  6773 | D:7      | Reached skill level 5 in Conjurations
  6856 | D:7      | Noticed a komodo dragon
  6873 | D:7      | Slain by a komodo dragon

Illustrated notes

Levels and vault maps discovered:
D:1:      amcnicky_arrival_abandoned_market, layout_loops_ring,
          dreamdust_ecumenical_altar_statues, st_stairs_12
D:2:      cheibrodos_old_hovel, layout_rooms
D:3:      minmay_spotlight, layout_loops_cross,
          minmay_overflow_temple_star_quad, st_stairs_4, eino_curves_03,
          corexii_hall_statues_l, uniq_purgy
D:4:      layout_loops_ring, minmay_temple_entry_antechambers
D:5:      layout_loops_ring, serial_bayou_lagoon_a, minivault_25,
          chequers_serial_rivers_micro_c, dk_vineyard_1, minmay_misc_feat_tower,
          kennysheep_generic_room_15, uniq_pikel
D:6:      layout_loops_ring, gup_sewer_entry_bowl
D:7:      layout_loops_cross, minmay_misc_feat_enclosed, minmay_lizard_king
Temple:   minmay_crystal_spiral_temple

Skill      XL: |  1  2  3  4  5  6  7  8 |
---------------+-------------------------+-----
Fire Magic     | 4 5 6 |  6.5
Conjurations   | 2 3 4 5 |  5.0
Dodging        | 2 3 |  3.0
Spellcasting   | 3 4 5 |  5.3
Maces & Flails | 1 2 3 |  3.2
Fighting       | 1 |  1.9
Armour         | 1 2 |  2.7
Stealth        | |  2.1

Action                   |  1- 3 |  4- 6 |  7- 9 || total
-------------------------+-------+-------+-------++-------
Melee: Unarmed           |    14 |       |       ||    14
       Whip              |     6 |     4 |    35 ||    45
       Flail             |       |    38 |     9 ||    47
 Cast: Foxfire           |    55 |    79 |   119 ||   253
       Sticky Flame      |       |       |     1 ||     1
  Use: Scroll            |     5 |     6 |     5 ||    16
       Potion            |       |       |     1 ||     1
 Stab: Sleeping          |       |     1 |       ||     1
Armor: Robe              |    11 |    13 |       ||    24
       Acid dragon scale |       |    13 |    25 ||    38
Dodge: Dodged            |    20 |    37 |    26 ||    83
